Selects Airborne Battlegroup
Selects Paratrooper Squad Paradrop
Paratrooper Squad Paradrop
Selects Anti-tank Gun Team Paradrop
Construct Medical Station
M1918 Browning Automatic Rifles
Anti-tank Gun Team Paradrop
Selects Smoke Bombing Run
Selects Paradrop Reinforcements
Anti-tank Gun Team Paradrop
Selects Dual P-47 Rocket Strike
M4(105) Sherman Bulldozer
Anti-tank Gun Team Paradrop
Paratrooper Squad Paradrop
M4(105) Sherman Bulldozer